 Dungeon Crawl Stone Soup version 0.19.1-1-g22dce08 (webtiles) character file.

195 w00t the Grave Robber (level 5, -5/40 HPs)
             Began as a Vampire Necromancer on Jan 14, 2017.
             Killed from afar by an orc wizard (9 damage)
             ... with a magic dart
             ... on level 2 of the Dungeon.
             The game lasted 00:04:34 (3990 turns).

w00t the Grave Robber (Vampire Necromancer)         Turns: 3990, Time: 00:04:34

Health: -5/40      AC:  2    Str:  8    XL:     5   Next: 45%
Magic:  1/9        EV: 14    Int: 17    God:
Gold:   55         SH:  0    Dex: 15    Spells: 3 memorised, 3 levels left

rFire  + . .     SeeInvis +     r - +1 dagger (drain)
rCold  . . .     Gourm    .     a - +0 robe
rNeg   + . .     Faith    .     (no shield)
rPois  .         Spirit   .     (no helmet)
rElec  .         Reflect  .     (no cloak)
rCorr  .         Harm     .     (no gloves)
MR     .....                    (no boots)
Stlth  ++........               (no amulet)
                                (no ring)
                                n - ring of protection from fire {rF+, !d}

@: invisible
A: fangs 3, see invisible, unbreathing
a: Bat Form


You were on level 2 of the Dungeon.
You were not thirsty.

You visited 1 branch of the dungeon, and saw 3 of its levels.

You collected 55 gold pieces.

Inventory:

Hand Weapons
 f - a +0 dagger
 r - a +1 dagger of draining (weapon)
Missiles
 d - 193 stones (quivered)
Armour
 a - a +0 robe (worn)
Jewellery
 n - a ring of protection from fire (left hand) {rF+, !d}
Wands
 m - a wand of iceblast (6/15)
Scrolls
 e - 2 scrolls of remove curse {unknown}
 g - 3 scrolls of identify {unknown}
 h - a scroll of immolation {unknown}
 j - a scroll of fear {unknown}
 l - 2 scrolls of fog {unknown}
 o - 3 scrolls of recharging {unknown}
 q - a scroll of teleportation {unknown}
 s - a scroll of random uselessness {unknown}
Potions
 c - 3 potions of blood {@q1}
 i - a potion of degeneration {unknown}
 k - a potion of magic
 t - a potion of might {unknown}
Books
 b - a book of Necromancy

   Spells                             Type                      Level
   a - Pain                           Necromancy                   1
   b - Animate Skeleton               Necromancy                   1
   c - Vampiric Draining              Necromancy                   3
   d - Regeneration                   Charms/Necromancy            3
   e - Animate Dead                   Necromancy                   4
   f - Control Undead                 Necromancy                   4


   Skills:
 * Level 2.9 Fighting
 * Level 3.6 Dodging
 - Level 3.0 Stealth
 + Level 3.0 Spellcasting
 + Level 4.8 Necromancy


You had 3 spell levels left.
You knew the following spells:

 Your Spells              Type           Power        Failure   Level  Hunger
a - Pain                  Necr           ###.         2%          1    None
b - Vampiric Draining     Necr           ###.......   10%         3    ###....
c - Regeneration          Chrm/Necr      ##........   21%         3    ###....


Dungeon Overview and Level Annotations

Branches:
Dungeon (3/15)

Altars:
Dithmenos
Fedhas
Sif Muna


Innate Abilities, Weirdness & Mutations

You have razor-sharp teeth.
You have supernaturally acute eyesight. (SInv)
You can survive without breathing.


Message History

The orc wizard barely misses you.
The orc wizard hits you but does no damage.
Casting: Pain
Confirm with . or Enter, or press ? or * to list all spells.
Aiming: Pain
Press: ? - help, Shift-Dir - straight line, f/p - orc wizard
Aim: an orc wizard, wielding a dagger and wearing a robe (severely wounded, chance to defeat MR: 78%)
The orc wizard barely resists.
The orc wizard misses you. The orc wizard hits you with a dagger.
* * * LOW HITPOINT WARNING * * *
The orc wizard barely misses you.
Casting: Pain
Confirm with . or Enter, or press ? or * to list all spells.
You don't have enough magic to cast that spell.
Unknown command.
It was a potion of invisibility.
You fade into invisibility!
You feel yourself speed up. The orc wizard casts a spell at you.
The magic dart hits you!
You die...

........#.#..###............##
........#....####..........[.##
.......(......[...............#
#...######.................####
....## #.#..............##
..#..# ##............<.###
.###.####............%....##
.............#..[..<....#..####
.............#.o@o.......#....#
..##.........#...........##..##
..##.........#............#.##
..............###..###......#
........###.#...##..##.##...#
[.......# #..##...#.......###
....%...# ##..###.........#
####...## ##........#....#
###..# #...####......#


You could see 2 orc wizards.

Vanquished Creatures
  2 orc priests (D:3)
  Jessica (D:1)
  An orc wizard (D:3)
  2 adders (D:2)
  3 worms (D:3)
  A dart slug (D:3)
  3 leopard geckos (D:1)
  6 orcs
  A giant cockroach (D:2)
  8 goblins
  3 hobgoblins
  7 bats
  5 frilled lizards
  5 kobolds
  6 rats
54 creatures vanquished.

Notes
Turn   | Place    | Note
-------+----------+-------------------------------------------
     0 | D:1      | w00t the Vampire Necromancer began the quest for the Orb.
     0 | D:1      | Reached XP level 1. HP: 13/13 MP: 3/3
   367 | D:1      | Reached XP level 2. HP: 18/20 MP: 0/5
   500 | D:1      | Reached skill level 1 in Fighting
   910 | D:2      | Reached XP level 3. HP: 26/26 MP: 4/6
  1083 | D:2      | Noticed Jessica
  1118 | D:1      | Killed Jessica
  1118 | D:1      | Reached XP level 4. HP: 5/33 MP: 5/7
  1410 | D:1      | Learned a level 3 spell: Vampiric Draining
  1414 | D:1      | Learned a level 3 spell: Regeneration
  1666 | D:2      | Found a blossoming altar of Fedhas.
  1859 | D:3      | Found a deep blue altar of Sif Muna.
  1864 | D:3      | Found a shadowy altar of Dithmenos.
  2879 | D:3      | Reached XP level 5. HP: 36/39 MP: 4/9
  3990 | D:2      | Killed from afar by an orc wizard

Skill      XL: |  1  2  3  4  5 |
---------------+----------------+-----
Fighting       | 1 2 |  2.9
Dodging        | 3 |  3.6
Spellcasting   | 3 |  3.0
Stealth        | |  3.0
Necromancy     | |  4.8

Action                   |  1- 3 |  4- 6 || total
-------------------------+-------+-------++-------
Melee: Dagger            |     5 |    30 ||    35
       Bite              |       |     1 ||     1
Throw: Stone             |     4 |     5 ||     9
 Cast: Pain              |    41 |    82 ||   123
       Vampiric Draining |       |     4 ||     4
  Use: Potion            |     3 |     9 ||    12
Armor: Robe              |     1 |    11 ||    12
Dodge: Dodged            |    14 |    52 ||    66
